AoeStats
← ksteel.lpim

Arabia

507815453Analyzed
1v1 RM · 14d ago on Sep 19, 2026· 35m 44s· 2 players
Game mode
Random Map
Map size
Tiny (2 player)
Population
200
Speed
Normal
Resources
Standard
Victory
Conquest
Starting age
Dark Age
Ending age
Imperial Age
RankedLock teamsTeams togetherTeam positionsShared explorationLock speedFull tech treeHidden civsTurbo modeCheats
Victory
Defeat
🇨🇭 Persians · Switzerland
459
+14
🇺🇸 Persians · United States
413
-14
ksteel.lpim
5:18 Loom
15:16 Feudal Age
19:13 Man-at-Arms
20:23 Double-Bit Axe
30:04 Castle Age
_ridiwan_
10:56 Feudal Age
9:12 Loom
15:08 Scale Barding Armor
19:44 Castle Age
20:39 Chain Barding Armor
26:45 Padded Archer Armor
26:36 Fletching
27:00 Double-Bit Axe
26:58 Horse Collar
27:08 Crossbowman
28:59 Bodkin Arrow
Connection lost

Rejoining the realm…

Still unreachable

The connection could not be restored.

Session expired

The server has moved on; the page needs a fresh start.